 Dungeon Crawl Stone Soup version 0.17-a0-2002-g92c7e20 (webtiles) character file.

16904 tp1 the Cleaver (level 12, -1/76 HPs)
             Began as a Gargoyle Berserker on Oct 7, 2015.
             Was a High Priest of Trog.
             Killed from afar by a frost giant (8 damage)
             ... with a bolt of cold
             ... in an ice cave on Oct 8, 2015.
             The game lasted 01:02:48 (8964 turns).

tp1 the Cleaver (Gargoyle Berserker)                Turns: 8964, Time: 01:02:48

Health: -1/76      AC: 25    Str: 27    XL:     12   Next: 42%
Magic:  12/12      EV:  8    Int:  6    God:    Trog [*****.]
Gold:   944        SH:  0    Dex: 10    Spells: 0 memorised, 11 levels left

rFire  x . .     SeeInvis .     B - +2 battleaxe
rCold  + . .     Clarity  .     N - +0 plate armour
rNeg   + . .     SustAt   .     (no shield)
rPois  ∞         Gourm    .     e - +0 helmet
rElec  +         Spirit   .     (no cloak)
rCorr  .         Warding  .     (no gloves)
rMut   .         Stasis   .     (no boots)
MR     .....                    d - amulet of regeneration
Stlth  ..........               J - +4 ring of slaying
                                y - ring of ice

@: not resistant to hostile enchantments, extremely unstealthy
A: negative energy resistance 1, electricity resistance, unbreathing,
petrification resistance, rot immunity, AC +8
a: Burn Spellbooks, Berserk, Trog's Hand, Brothers in Arms, Renounce Religion


You were in an ice cave.
You worshipped Trog.
Trog was extremely pleased with you.
You were hungry.

You visited 2 branches of the dungeon, and saw 11 of its levels.
You also visited: Ice Cave.

You collected 944 gold pieces.

Inventory:

Hand Weapons
 a - a +0 morningstar
 v - a +3 antimagic war axe
 B - a +2 battleaxe (weapon)
 D - a +0 dire flail
Armour
 e - a +0 helmet (worn)
 N - a +0 plate armour (worn)
Jewellery
 d - an amulet of regeneration (around neck)
 p - an uncursed ring of positive energy
 s - an uncursed ring of sustain attributes
 y - a ring of ice (left hand)
 E - an uncursed ring of flight
 I - an uncursed ring of teleportation
 J - a +4 ring of slaying (right hand)
 P - a +2 ring of dexterity
 S - an uncursed ring of fire
Wands
 b - a wand of polymorph (7)
 q - a wand of cold (8)
 H - a wand of cold (1)
 K - a wand of flame (18)
 W - a wand of magic darts (17)
 Z - a wand of digging (9)
Scrolls
 i - 8 scrolls of teleportation
 t - 2 scrolls of enchant armour
 u - 3 scrolls of recharging
 w - 2 scrolls of remove curse
 x - a scroll of fog
 C - 2 scrolls of magic mapping
 F - 2 scrolls of fear
 G - 3 scrolls of enchant weapon
 X - 4 scrolls of identify
Potions
 f - 4 potions of might
 g - 3 potions of poison {unknown}
 k - 2 potions of ambrosia {unknown}
 l - 3 potions of heal wounds {unknown}
 n - 3 potions of magic {unknown}
 o - 3 potions of curing {unknown}
 O - a potion of invisibility {unknown}
 Q - 2 potions of haste {unknown}
 R - a potion of lignification {unknown}
Books
 V - a book of Spatial Translocations

   Spells                             Type                      Level
   a - Apportation                    Translocation                1
   b - Blink                          Translocation                2
   c - Shroud of Golubria             Charms/Translocation         2
   d - Portal Projectile              Translocation                3
   e - Teleport Other                 Translocation                3
   f - Passage of Golubria            Translocation                4
   Trog disapproves of the use of such an item.
 Y - a Grand Grimoire

   Spells                             Type                      Level
   a - Monstrous Menagerie            Summoning                    6
   b - Summon Greater Demon           Summoning                    7
   c - Malign Gateway                 Summoning/Translocation      7
   d - Summon Horrible Things         Summoning                    8
   Trog disapproves of the use of such an item.
Comestibles
 c - 5 bread rations
 h - 2 meat rations
 j - 2 chunks of flesh
 m - 2 slices of pizza
 r - 4 beef jerkies
 z - 11 fruits
 A - 10 royal jellies


   Skills:
 + Level 9.2 Fighting
 + Level 11.4(12.5) Axes
 + Level 9.4(12.1) Maces & Flails
 - Level 11.1 Armour
 - Level 2.0 Dodging
 - Level 1.0 Evocations


You had 11 spell levels left.
You didn't know any spells.

Dungeon Overview and Level Annotations

Branches:
Dungeon (9/15)             Temple (0/1) D:7            Lair (2/8) D:9
    Orc: D:9-12

Altars:
Dithmenos
Gozag
Nemelex Xobeh
Okawaru
Sif Muna
Trog
Yredelemnul


Innate Abilities, Weirdness & Mutations

You are resistant to torment.
Your stone body is resilient (AC +8).
You are immune to poison.
You resist negative energy.
You are resistant to electric shocks.
You can survive without breathing.
You are immune to petrification.
You are immune to rotting.


Message History

The frost giant hits you but does no damage.
You slash the frost giant!
The frost giant is severely wounded.
You are feeling hungry.
The frost giant hits you but does no damage.
You slash the frost giant!
The frost giant is almost dead.
The frost giant points at you and mumbles some strange words.
The bolt of cold hits you! You resist.
* * * LOW HITPOINT WARNING * * *
You hit the frost giant but do no damage.
The frost giant is almost dead.
The frost giant points at you and mumbles some strange words.
The bolt of cold hits you! You resist.
* * * LOW HITPOINT WARNING * * *
Drop what? 48/52 slots (_ for help) (? for menu, Esc to quit)
Okay, then.
The frost giant casts a spell at you. The bolt of cold hits you! You resist.
You die...

#≈≈≈≈≈≈≈ ≈≈≈≈≈≈≈≈
≈≈≈#≈≈# #≈≈≈#####
## ≈≈≈##...###
..## ≈≈#≈..##..##
#.... #≈≈.#####..#
#hY... #####
#..######## #hYh.#
#..#...##..@##hYh#
#######...##.CY#
##########


You could see a frost giant and a yak.

Vanquished Creatures
  Erolcha (D:8)
  2 death yaks (IceCv)
  Nergalle (Lair:1)
  4 spiny frogs
  A komodo dragon (Lair:1)
  2 trolls (D:9)
  A two-headed ogre (D:8)
  8 polar bears (IceCv)
  12 yaks
  A basilisk (Lair:1)
  2 hippogriffs
  Menkaure (D:6)
  A soldier ant (D:9)
  The ghost of Loris the Cutter, an amateur HEWz (D:3)
  20 wolves
  2 water moccasins (Lair:1)
  A sky beast (D:9)
  A porcupine (Lair:2)
  An ice beast (D:8)
  A spider (D:9)
  2 orc warriors
  A wasp (D:9)
  4 centaurs
  7 ogres
  5 crocodiles
  A big kobold (D:9)
  14 giant frogs
  A wyvern zombie (D:7)
  2 scorpions
  3 killer bees (D:7)
  2 electric eels
  3 wights (D:6)
  2 crimson imps
  A wasp zombie (D:9)
  8 hounds
  5 orc priests
  6 iguanas
  2 jellies
  A giant frog skeleton (D:5)
  12 worker ants
  A centaur skeleton (D:6)
  A quasit (D:7)
  5 orc wizards
  3 hound zombies
  7 adders
  21 river rats (Lair:1)
  A shadow imp (D:6)
  An ooze (D:3)
  An adder skeleton (D:5)
  2 worms
  5 giant geckos
  15 orcs
  8 bats
  3 giant cockroaches
  7 goblins
  6 hobgoblins
  16 jackals
  8 kobolds
  2 quokkas (D:9)
  A giant gecko skeleton (D:4)
  6 giant newts
  A quokka skeleton (D:4)
  9 rats
  A spectral orc (D:7)
  A plant (Lair:1)
278 creatures vanquished.

Vanquished Creatures (collateral kills)
  A hydra (Lair:2)
  2 orc warriors (D:9)
  A porcupine (Lair:2)
  An ogre (D:9)
  An orc priest (D:9)
  An orc wizard (D:9)
  A worker ant (D:9)
  An orc (D:9)
9 creatures vanquished.

Grand Total: 287 creatures vanquished

Notes
Turn   | Place    | Note
--------------------------------------------------------------
     0 | D:1      | tp1 the Gargoyle Berserker began the quest for the Orb.
     0 | D:1      | Reached XP level 1. HP: 14/14 MP: 1/1
   236 | D:1      | Reached XP level 2. HP: 19/19 MP: 2/2
   998 | D:2      | Acquired Trog's second power
  1068 | D:2      | Reached XP level 3. HP: 23/23 MP: 3/3
  1242 | D:2      | Found an opulent altar of Gozag.
  1570 | D:3      | Reached XP level 4. HP: 28/28 MP: 4/4
  1576 | D:3      | Noticed Loris's ghost (amateur HEWz)
  1600 | D:3      | Killed Loris's ghost
  1600 | D:3      | Reached skill level 5 in Axes
  1600 | D:3      | Reached XP level 5. HP: 28/32 MP: 5/5
  1664 | D:3      | Found a bloodstained altar of Trog.
  1806 | D:3      | Found a sparkling altar of Nemelex Xobeh.
  1985 | D:3      | Drew Focus: Str increased to 23, Int decreased to 6
  1986 | D:3      | Upgraded the game from 0.17-a0-1996-gd2c0ec8 to 0.17-a0-2002-g92c7e20
  2125 | D:4      | Reached XP level 6. HP: 37/37 MP: 6/6
  2149 | D:4      | Reached skill level 6 in Axes
  2221 | D:4      | Noticed an ogre
  2226 | D:4      | Killed an ogre
  2407 | D:4      | Reached XP level 7. HP: 41/41 MP: 7/7
  2481 | D:4      | Noticed an ogre
  2498 | D:4      | Killed an ogre
  2498 | D:4      | Reached skill level 7 in Axes
  2590 | D:5      | Entered Level 5 of the Dungeon
  2604 | D:5      | Reached skill level 1 in Evocations
  2635 | D:5      | Found an iron altar of Okawaru.
  3064 | D:5      | Reached XP level 8. HP: 45/46 MP: 8/8
  3067 | D:5      | Reached skill level 1 in Maces & Flails
  3772 | D:6      | Noticed Menkaure
  3778 | D:6      | Killed Menkaure
  3858 | D:6      | Reached skill level 5 in Armour
  3949 | D:6      | Acquired Trog's third power
  4094 | D:6      | Reached skill level 5 in Maces & Flails
  4096 | D:6      | Reached XP level 9. HP: 51/51 MP: 9/9
  4115 | D:6      | Found a deep blue altar of Sif Muna.
  4469 | D:6      | Found a shadowy altar of Dithmenos.
  4737 | D:7      | Received a gift from Trog
  4824 | D:7      | Found a basalt altar of Yredelemnul.
  4902 | D:7      | Found a staircase to the Ecumenical Temple.
  5003 | D:7      | Identified the Incunabulum of Creative Conjuration
  5317 | D:8      | Reached skill level 8 in Armour
  5551 | D:8      | Noticed Erolcha
  5551 | D:8      | Reached XP level 10. HP: 56/56 MP: 10/10
  5569 | D:8      | Killed Erolcha
  5569 | D:8      | Reached skill level 9 in Armour
  6163 | D:9      | Received a gift from Trog
  6334 | D:9      | Reached skill level 10 in Armour
  6755 | D:9      | Reached skill level 11 in Armour
  6786 | D:9      | Found a staircase to the Lair.
  6805 | Lair:1   | Entered Level 1 of the Lair of Beasts
  6861 | Lair:1   | Reached XP level 11. HP: 16/60 MP: 11/11
  7184 | Lair:1   | Reached skill level 5 in Fighting
  7228 | Lair:1   | Noticed Nergalle
  7249 | Lair:1   | Killed Nergalle
  8388 | Lair:2   | Noticed a five-headed hydra
  8395 | Lair:2   | Killed a five-headed hydra
  8421 | Lair:2   | Found a frozen archway.
  8430 | IceCv    | Entered an ice cave
  8452 | IceCv    | Reached skill level 10 in Axes
  8673 | IceCv    | Reached XP level 12. HP: 50/73 MP: 12/12
  8704 | IceCv    | Noticed a death yak
  8725 | IceCv    | Killed a death yak
  8939 | IceCv    | Noticed a death yak
  8939 | IceCv    | Noticed a frost giant
  8954 | IceCv    | Killed a death yak
  8964 | IceCv    | Killed from afar by a frost giant

Vault maps used:
D:1:      lemuel_arrival_room
D:2:      nicolae_overflow_hidden_temple
D:3:      old_standard_altar, nemelex_deck, first_bread
D:5:      okawaru_trees_2
D:6:      lemuel_coloured_pillars_altar, lemuel_round_altar, uniq_menkaure
D:7:      yredelemnul_forgotten_temple_becter, temple_doors_b
D:8:      uniq_erolcha
D:9:      erik_lair_island, hangedman_pestilent_swarm
Lair:1:   statuecave_lemuel, wad_woods_road_02, infiniplex_staircase_pool,
          uniq_nergalle
Lair:2:   portal_ice_cave_entry_pillars_02, infiniplex_staircase_pool_2
IceCv:    ice_cave_caverns_03

Action                   |  1- 3 |  4- 6 |  7- 9 | 10-12 || total
-------------------------+-------+-------+-------+-------++-------
Melee: Hand axe          |   149 |   138 |    98 |       ||   385
       Morningstar       |       |       |    80 |       ||    80
       Battleaxe         |       |       |   168 |   442 ||   610
       Dire flail        |       |       |       |     4 ||     4
Invok: Berserk           |       |     1 |     6 |     4 ||    11
       Trog's Hand       |       |       |     1 |     3 ||     4
       Burn Spellbooks   |       |       |     1 |     3 ||     4
       Brothers in Arms  |       |       |       |     3 ||     3
 Abil: Evoke Flight      |       |       |       |     2 ||     2
Evoke: Deck              |       |     3 |       |       ||     3
  Use: Scroll            |       |       |    12 |     8 ||    20
  Eat: Chunk             |     1 |     6 |    19 |    10 ||    36
       Bread ration      |       |       |       |     2 ||     2
       Fruit             |       |       |       |     1 ||     1
